 Dungeon Crawl Stone Soup version 0.29.1-15-g9cfb28693d (webtiles) character file.

Game seed: 13658603713187849261

95 Hugehornet the Shield-Bearer (level 4, -4/29 HPs)
             Began as a Gargoyle Fighter on Feb 23, 2023.
             Slain by Crazy Yiuf
             ... wielding a +2 quarterstaff of chaos
              (7 damage)
             ... on level 3 of the Dungeon on Feb 24, 2023.
             The game lasted 00:06:01 (2791 turns).

Hugehornet the Shield-Bearer (Gargoyle Fighter)     Turns: 2791, Time: 00:06:02

Health: -4/29      AC: 10    Str: 20    XL:     4   Next: 66%
Magic:  5/5        EV:  9    Int: 10    God:
Gold:   161        SH:  4    Dex:  9    Spells: 4/5 levels left

rFire   + . .      SeeInvis .   a - +0 war axe
rCold   + . .      Faith    .   c - +0 buckler
rNeg    + . .      Spirit   .   b - +0 scale mail
rPois   ∞          Reflect  .   (no helmet)
rElec   +          Harm     .   s - scarf {rC+ rF+}
rCorr   .          Rampage  .   (no gloves)
Will    .....                   (no boots)
Stlth   ..........              (no amulet)
HPRegen 0.09/turn               (no ring)
MPRegen 0.09/turn               (no ring)

@: invisible
A: sickness immunity, AC +3, negative energy resistance 1, electricity
resistance, torment resistance 1, petrification resistance
a: no special abilities


You were on level 3 of the Dungeon.
You visited 1 branch of the dungeon, and saw 3 of its levels.

You collected 161 gold pieces.

Inventory:

Hand Weapons
 a - a +0 war axe (weapon)
 e - a +0 flail
Armour
 b - a +0 scale mail (worn)
 c - a +0 buckler (worn)
 s - a scarf of resistance (worn)
Jewellery
 x - an amulet of reflection
Scrolls
 f - 3 scrolls of teleportation {unknown}
 k - 3 scrolls of identify {unknown}
 l - 2 scrolls of enchant armour {unknown}
 m - a scroll of blinking {unknown}
 o - a scroll of fear {unknown}
 p - 2 scrolls of magic mapping {unknown}
 r - 2 scrolls of immolation {unknown}
 u - a scroll of vulnerability {unknown}
 w - a scroll of silence {unknown}
Potions
 d - a potion of might
 g - 3 potions of heal wounds {unknown}
 h - a potion of magic {unknown}
 i - 3 potions of haste {unknown}
 j - 3 potions of curing {unknown}
 n - a potion of flight {unknown}
 q - a potion of ambrosia {unknown}
 t - 2 potions of cancellation {unknown}
 v - a potion of degeneration {unknown}
 z - a potion of brilliance {unknown}


   Skills:
 + Level 3.8 Fighting
 * Level 2.5 Axes
 * Level 4.0 Armour
 * Level 4.0 Shields
 * Level 1.0 Spellcasting


You had 4 spell levels left.
You knew the following spells:

 Your Spells              Type           Power      Damage    Failure   Level
a - Magic Dart            Conj           0%         1d3       77%         1

Your spell library contained the following spells:

 Spells                   Type           Power      Damage    Failure   Level
 Apportation              Tloc           0%         N/A       77%         1
 Necrotise                Necr           0%         1d4       77%         1
 Sting                    Tmut/Pois      0%         1d3       77%         1
 Call Imp                 Summ           0%         N/A       88%         2
 Mephitic Cloud           Conj/Pois/Air  0%         N/A       98%         3
 Vampiric Draining        Necr           0%         2d6       98%         3
 Agony                    Necr           0%         N/A       100%        5
 Alistair's Intoxication  Tmut/Pois      0%         N/A       100%        5


Dungeon Overview and Level Annotations

Branches:
Dungeon (3/15)

Altars:

Annotations:
D:3 Crazy Yiuf


Innate Abilities, Weirdness & Mutations

You are immune to sickness and miasma.
Your stone body is resilient. (AC +3)
You are immune to poison.
You resist negative energy. (rN+)
You are resistant to electric shocks. (rElec)
You are resistant to unholy torment.
You are immune to petrification.


Message History

Found two hammers.
Found a runed translucent door.
You see here a +0 hammer.
Found a hammer.
Crazy Yiuf shouts!
You see here a +0 hammer.
No reachable target in view!
No reachable target in view!
No reachable target in view!
Crazy Yiuf says, "Announcement forty-two unthinkable!"
You see here a +0 hammer.
Found two hammers.
As you open the door, it creaks loudly!
You slash Crazy Yiuf!
Crazy Yiuf is moderately wounded.
You block Crazy Yiuf's attack.
You closely miss Crazy Yiuf.
Crazy Yiuf is moderately wounded.
You block Crazy Yiuf's attack. x2
You hit Crazy Yiuf but do no damage.
Crazy Yiuf is moderately wounded.
Crazy Yiuf says, "Hack!"
Crazy Yiuf hits you with a +2 quarterstaff of chaos.
You barely miss Crazy Yiuf.
Crazy Yiuf is moderately wounded.
Crazy Yiuf hits you with a +2 quarterstaff of chaos!
Crazy Yiuf freezes you.
Crazy Yiuf hits you with a +2 quarterstaff of chaos.
Crazy Yiuf burns you.
* * * LOW HITPOINT WARNING * * *
You closely miss Crazy Yiuf.
Crazy Yiuf is moderately wounded.
Crazy Yiuf hits you with a +2 quarterstaff of chaos.
* * * LOW HITPOINT WARNING * * *
You fade into invisibility!
You closely miss Crazy Yiuf.
Crazy Yiuf is moderately wounded.
Crazy Yiuf barely misses you.
Crazy Yiuf cries, "Rot illywillydillykilly high!"
Crazy Yiuf hits you with a +2 quarterstaff of chaos!
You die...

##### #..)#
#)).# ).. #g#
##@# #)## ##)#
### #)##
######.# ##.##
##......#
#)..##
###..######
#....# ##.).##
### ##..##
#).###
##.###....#####


You could see Crazy Yiuf (unable to see you).

Vanquished Creatures
  3 gnolls (D:3)
  An adder (D:2)
  A dart slug (D:2)
  6 bats
  5 endoplasms
  4 giant cockroaches
  7 goblins
  A hobgoblin (D:1)
  2 quokkas (D:1)
  5 ball pythons
  4 frilled lizards
  12 kobolds
  2 rats
53 creatures vanquished.

Notes
Turn   | Place    | Note
-------+----------+-------------------------------------------
     0 | D:1      | Hugehornet the Gargoyle Fighter began the quest for the
                  | Orb.
     0 | D:1      | Reached XP level 1. HP: 14/14 MP: 1/1
   231 | D:1      | Reached XP level 2. HP: 3/19 MP: 2/2
  1054 | D:1      | Reached XP level 3. HP: 23/23 MP: 3/3
  1168 | D:1      | Found a faded altar of an unknown god.
  1176 | D:1      | Got Plato's Papyrus of Envenoming
  1298 | D:1      | Learned a level 1 spell: Magic Dart
  2473 | D:3      | Reached XP level 4. HP: 29/29 MP: 4/4
  2638 | D:3      | Reached skill level 1 in Spellcasting
  2781 | D:3      | Found a runed translucent door.
  2782 | D:3      | Noticed Crazy Yiuf
  2791 | D:3      | Slain by Crazy Yiuf

Illustrated notes

Levels and vault maps discovered:
D:1:      onia_arrival_mini_spirals, layout_basic,
          shapermc_ecumenical_altar_rom_forum
D:2:      layout_basic
D:3:      layout_rooms, uniq_crazy_yiuf_cottage

Skill      XL: |  1  2  3  4 |
---------------+-------------+-----
Axes           | 2 |  2.5
Armour         | 4 |  4.0
Shields        | 4 |  4.0
Spellcasting   | 1 |  1.0
Fighting       | |  3.8

Action                   |  1- 3 |  4- 6 || total
-------------------------+-------+-------++-------
Melee: War axe           |   113 |    43 ||   156
Armor: Scale mail        |    62 |    24 ||    86
Dodge: Dodged            |    46 |    26 ||    72
Block: Buckler           |    24 |    14 ||    38
